 Dungeon Crawl Stone Soup version 0.28-a0-10-g964c8b829e (webtiles) character file.

Game seed: 7447854106304880301

856 Spaninq the Frost Mage (level 8, -5/61 HPs)
             Began as a Barachi Ice Elementalist on July 25, 2021.
             Splashed by an acid dragon's acid (13 damage)
             ... on level 4 of the Dungeon.
             The game lasted 00:12:38 (4413 turns).

Spaninq the Frost Mage (Barachi Ice Elementalist)   Turns: 4413, Time: 00:12:39

Health: -5/61      AC:  5    Str: 11    XL:     8   Next: 2%
Magic:  14/14      EV: 11    Int: 16    God:
Gold:   221        SH:  5    Dex: 13    Spells: 8/15 levels left

rFire   . . .      SeeInvis .   b - +2 mace (protect)
rCold   . . .      Faith    .   c - +0 buckler
rNeg    + . .      Spirit   .   q - +3 leather armour {rN+}
rPois   .          Reflect  .   (no helmet)
rElec   .          Harm     .   m - +1 cloak
rCorr   .          Rampage  .   j - +0 pair of gloves
Will    .....                   (no boots)
Stlth   ++........              (no amulet)
HPRegen 0.20/turn               (no ring)
MPRegen 0.14/turn               (no ring)

@: corroded, slow
A: amphibious, slowness 1, strong legs 1, +LOS
a: Hop


You were on level 4 of the Dungeon.
You visited 1 branch of the dungeon, and saw 4 of its levels.

You collected 221 gold pieces.

Inventory:

Hand Weapons
 b - a +2 mace of protection (weapon)
Armour
 c - a +0 buckler (worn)
 j - a +0 pair of gloves (worn)
 m - a +1 cloak (worn)
 q - a +3 leather armour of positive energy (worn)
Scrolls
 d - 2 scrolls of enchant weapon {unknown}
 e - a scroll of teleportation {unknown}
 g - 2 scrolls of noise {unknown}
 i - a scroll of amnesia {unknown}
 k - a scroll of torment {unknown}
 l - a scroll of enchant armour {unknown}
 n - 2 scrolls of magic mapping {unknown}
 o - a scroll of holy word {unknown}
 p - a scroll of blinking {unknown}
Potions
 a - 2 potions of curing {unknown}
 f - a potion of lignification {unknown}
 h - a potion of magic {unknown}


   Skills:
 + Level 4.4 Fighting
 - Level 2.1 Dodging
 - Level 1.7 Stealth
 + Level 3.9 Shields
 + Level 4.4 Spellcasting
 * Level 8.3 Ice Magic


You had 8 spell levels left.
You knew the following spells:

 Your Spells              Type           Power      Damage    Failure   Level
a - Freeze                Ice            100%       1d11      1%          1
b - Frozen Ramparts       Ice            60%        1d8       1%          3
c - Ozocubu's Armour      Ice            30%        N/A       1%          3

Your spell library contained the following spells:

 Spells                   Type           Power      Damage    Failure   Level
 Blink                    Tloc           N/A        N/A       32%         2
 Hailstorm                Conj/Ice       16%        3d6       36%         4
 Lesser Beckoning         Tloc           1%         N/A       54%         3
 Passage of Golubria      Tloc           N/A        N/A       91%         4
 Manifold Assault         Tloc           3%         N/A       99%         5
 Silence                  Hex/Air        1%         N/A       99%         5
 Lehudib's Crystal Spear  Conj/Erth      1%         10d2      100%        8


Dungeon Overview and Level Annotations

Branches:
Dungeon (4/15)
 Temple: D:4-7

Altars:
Sif Muna

Annotations:
D:3 1 runed translucent door, Crazy Yiuf


Innate Abilities, Weirdness & Mutations

You are amphibious.
You cover ground slowly.
You can hop short distances.
You have an extended range of vision and can be seen from far away.


Message History

You feel stronger.
You hit the hobgoblin.
You kill the hobgoblin!
You start resting.
The frozen ramparts melt away.
You start resting.
Your icy armour starts to melt.
You start resting.
Your icy armour evaporates.
You start resting.
An acid dragon comes into view.
The acid dragon roars!
The acid dragon spits acid at you. The splash of acid hits you.
The acid corrodes you!
You are splashed with acid!
There is an open door here.
You close the door.
You are no longer corroded.
You start resting.
HP restored.
As you open the door, it creaks loudly!
There is an open door here.
There is an open door, spattered with blood here.
Items here: )) ÷÷÷÷.
e - a scroll labelled UVUTON PUSELUU
Things that are here:
a +0 dagger; a stone
There is an open door here.
The acid dragon roars!
Found a coppery potion.
The acid dragon spits acid at you. The splash of acid hits you!
The acid corrodes you!
You are splashed with acid!
Found a stone staircase leading up.
The acid dragon spits acid at you. The splash of acid hits you!
You are splashed with acid!
* * * LOW HITPOINT WARNING * * *
Found a shimmering blue altar of Sif Muna.
The acid dragon spits acid at you. The splash of acid hits you!
* * * LOW HITPOINT WARNING * * *
You are splashed with acid!
You die...

.....).#########
.......'........
.......##########
.......# #.#....####.#
.......###.....!.....
.................##
.......≈≈.≈≈≈≈≈≈..####
.......≈..D....≈.....#
.......≈.♣♣♣♣♣.≈@###.#
.......≈.♣.....≈.<.#
.......≈.♣._.♣.≈.###
.......≈.....♣.≈...
.......≈.♣♣♣ ♣.≈..##
#####..≈.. ..≈..#
#..≈≈≈ ≈≈≈≈..#
.......# ########


You could see an acid dragon (catching breath).

Vanquished Creatures
  A wyvern (D:4)
  Duvessa (D:4)
  A black bear (D:4)
  An ogre (D:4)
  A scorpion (D:4)
  Dowan (D:4)
  2 hounds (D:4)
  An iguana (D:4)
  A hound zombie (D:3)
  A gnoll (D:1)
  A howler monkey skeleton (D:4)
  8 adders
  2 ufetubi (D:4)
  2 adder skeletons (D:4)
  A worm (D:2)
  2 dart slugs
  6 orcs
  5 endoplasms
  3 giant cockroaches
  8 hobgoblins
  9 jackals
  10 kobolds
  5 quokkas
  7 ball pythons
  7 bats
  4 frilled lizards
  8 goblins
  2 rats
101 creatures vanquished.

Notes
Turn   | Place    | Note
-------+----------+-------------------------------------------
     0 | D:1      | Spaninq the Barachi Ice Elementalist began the quest for
                  | the Orb.
     0 | D:1      | Reached XP level 1. HP: 13/13 MP: 3/3
    40 | D:1      | Reached skill level 5 in Ice Magic
   119 | D:1      | Reached XP level 2. HP: 20/20 MP: 3/5
   293 | D:1      | Reached skill level 1 in Fighting
   487 | D:1      | Reached XP level 3. HP: 26/26 MP: 2/6
   982 | D:2      | Reached skill level 1 in Shields
  1268 | D:2      | Reached XP level 4. HP: 26/33 MP: 4/8
  1555 | D:2      | Learned a level 3 spell: Frozen Ramparts
  1559 | D:2      | Learned a level 3 spell: Ozocubu's Armour
  1750 | D:3      | Found a faded altar of an unknown god.
  1906 | D:3      | Reached skill level 6 in Ice Magic
  1973 | D:3      | Reached XP level 5. HP: 38/38 MP: 5/9
  2614 | D:3      | Found a runed translucent door.
  2615 | D:3      | Noticed Crazy Yiuf
  2894 | D:4      | Reached XP level 6. HP: 46/46 MP: 0/11
  3173 | D:4      | Noticed Duvessa
  3260 | D:4      | Noticed Dowan
  3277 | D:4      | Killed Duvessa
  3278 | D:4      | Reached skill level 7 in Ice Magic
  3296 | D:4      | Killed Dowan
  3297 | D:4      | Reached XP level 7. HP: 16/52 MP: 0/12
  3577 | D:4      | Noticed a wyvern
  3586 | D:4      | Killed a wyvern
  3892 | D:4      | Reached skill level 8 in Ice Magic
  4173 | D:4      | Reached XP level 8. HP: 38/61 MP: 8/14
  4412 | D:4      | Found a shimmering blue altar of Sif Muna.
  4413 | D:4      | Splashed by an acid dragon's acid

Illustrated notes

Levels and vault maps discovered:
D:1:      minmay_arrival_shoal_huts, layout_basic, roderic_serpentine_path
D:2:      layout_basic, minmay_misc_feat_room
D:3:      minmay_evil_eye, layout_basic, hellmonk_ecumenical_altar_lost_god,
          hex_tiny, wander_ebering_terrifying_dragon_lair,
          uniq_crazy_yiuf_cottage
D:4:      layout_basic, mainiacjoe_overflow_brackets,
          chequers_serial_rivers_micro_d, uniq_duvessa

Skill      XL: |  1  2  3  4  5  6  7 |
---------------+----------------------+-----
Ice Magic      | 5 6 7 8 |  8.3
Fighting       | 1 2 3 4 |  4.4
Shields        | 1 2 3 |  3.9
Spellcasting   | 3 4 |  4.4
Dodging        | |  2.1
Stealth        | |  1.7

Action                   |  1- 3 |  4- 6 |  7- 9 || total
-------------------------+-------+-------+-------++-------
Melee: Mace              |     3 |    79 |    54 ||   136
 Cast: Freeze            |    51 |    52 |       ||   103
       Frozen Ramparts   |       |     5 |     5 ||    10
       Ozocubu's Armour  |       |     3 |     3 ||     6
 Stab: Sleeping          |       |     4 |       ||     4
Armor: Robe              |     3 |    60 |     2 ||    65
       Leather armour    |       |       |    23 ||    23
Dodge: Dodged            |    22 |   117 |    32 ||   171
Block: Buckler           |       |       |    14 ||    14

Table legend: (Time is in decaauts)
 A = Elapsed time spent in this place.
 B = Non-inter-level travel time spent in this place.
 C = Inter-level travel time spent in this place.
 D = Time resting spent in this place.
 E = Time spent auto-exploring this place.
 F = Levels seen in this place.
 G = Mean time per level.
                   A        B        C        D        E       F      G
               +--------+--------+--------+--------+--------+-----+--------+
         Total |   4921 |   4842 |     79 |    707 |   2989 |   4 | 1230.2 |
       Dungeon |   4921 |   4842 |     79 |    707 |   2989 |   4 | 1230.2 |
               +--------+--------+--------+--------+--------+-----+--------+

Top non-repeatable levels by time:
     D:4: 1751 daAuts
     D:3: 1277 daAuts
     D:1: 1068 daAuts
     D:2: 823 daAuts
